 Dungeon Crawl Stone Soup version 0.20-a0-270-g8e735b6 (webtiles) character file.

2592 Leibowitz the Cutter (level 9, -2/74 HPs)
             Began as a Demigod Gladiator on Dec 10, 2016.
             Slain by an orc warrior
             ... wielding a +0 scimitar
              (10 damage)
             ... on level 7 of the Dungeon.
             The game lasted 00:24:22 (7203 turns).

Leibowitz the Cutter (Demigod Gladiator)            Turns: 7203, Time: 00:24:23

Health: -2/74      AC:  8    Str: 20    XL:     9   Next: 11%
Magic:  0/11       EV: 20    Int: 12    God:
Gold:   377        SH:  0    Dex: 22    Spells: 8/8 levels left

rFire  . . .     SeeInvis .     l - +1 dagger (freeze)
rCold  . . .     Gourm    .     b - +0 leather armour
rNeg   . . .     Faith    .     (no shield)
rPois  .         Spirit   +     c - +0 helmet
rElec  .         Reflect  .     v - +1 cloak
rCorr  .         Harm     .     (no gloves)
MR     .....                    o - +1 pair of boots
Stlth  +++.......               z - amulet of guardian spirit
                                j - +2 ring of dexterity
                                i - +3 ring of evasion

@: no status effects
A: high mp 1
a: no special abilities


You were on level 7 of the Dungeon.
You were near starving.

You visited 1 branch of the dungeon, and saw 7 of its levels.
You also visited: Sewer.

You collected 377 gold pieces.

Inventory:

Hand Weapons
 a - a +1 rapier
 l - a +1 dagger of freezing (weapon)
Armour
 b - a +0 leather armour (worn)
 c - a +0 helmet (worn)
 o - a +1 pair of boots (worn)
 v - a +1 cloak (worn)
Jewellery
 i - a +3 ring of evasion (left hand)
 j - a +2 ring of dexterity (right hand)
 z - an amulet of guardian spirit (around neck)
Wands
 k - a wand of flame (29/48)
Scrolls
 e - a scroll of remove curse
 h - 2 scrolls of immolation
 m - a scroll of teleportation {unknown}
 n - a scroll of fear
 p - 2 scrolls of noise {unknown}
 q - 3 scrolls of amnesia
 r - 7 scrolls of identify
 s - a scroll of torment {unknown}
Potions
 g - a potion of curing
 t - a potion of ambrosia {unknown}
 x - 2 potions of haste
Books
 A - a book of Conjurations

   Spells                             Type                      Level
   a - Magic Dart                     Conjuration                  1
   b - Searing Ray                    Conjuration                  2
   c - Dazzling Spray                 Conjuration/Hexes            3
   d - Fulminant Prism                Conjuration/Hexes            4
   e - Iskenderun's Mystic Blast      Conjuration                  4
   f - Iskenderun's Battlesphere      Conjuration/Charms           5
Comestibles
 f - 3 bread rations
 u - 3 slices of pizza
 B - 2 meat rations
 D - a fruit


   Skills:
 * Level 5.3 Fighting
 + Level 6.7 Short Blades
 + Level 2.2 Throwing
 + Level 3.3 Armour
 * Level 6.5 Dodging
 * Level 4.8 Stealth


You had 8 spell levels left.
You didn't know any spells.

Dungeon Overview and Level Annotations

Branches:
Dungeon (7/15)             Temple (0/1) D:4

Annotations:
D:4 drd's ghost, amateur HESk
D:6 Ezendos's ghost, novice DECj
D:7 Pikel


Innate Abilities, Weirdness & Mutations

You have an increased reservoir of magic. (+10% MP)


Message History

The orc warrior is almost dead.
The orc warrior struggles against the net.
The net rips apart, and the orc warrior comes free!
You hit the orc warrior but do no damage.
The orc warrior is almost dead.
The orc misses you.
The orc warrior hits you with a scimitar.
* * * LOW HITPOINT WARNING * * *
You barely miss the orc warrior.
The orc warrior is almost dead.
The orc completely misses you.
You hit the orc warrior. You freeze the orc warrior.
The orc warrior is almost dead.
The orc warrior misses you.
You hit the orc warrior but do no damage.
The orc warrior is almost dead.
The orc hits you from afar with a trident!
* * * LOW HITPOINT WARNING * * *
The orc warrior hits you with a scimitar!
You die...

#...................# #
#...................# #.
#...................#
#.###..#######..........# ...#.##
#..........# #.#.# #..........#
##...########.o........#
#...............##..####
#####.####......@o#####.#########
....#.####...<....# #..........
......#...........# #..........
........###.......# #..........
.....#### #.....<.# ##..........
.....# ###.########...........
.....# #.# ....>...##<)#####
....## #.. #####....[[..####
#...#. ...# #.....o..#...


You could see an orc warrior and an orc.

Vanquished Creatures
  2 hippogriffs (D:7)
  An orc warrior (D:7)
  A slave (D:6)
  Purgy (Sewer)
  A sky beast (D:5)
  2 black bears (D:6)
  An ice beast (D:5)
  5 centaurs
  3 bullfrogs
  A scorpion (D:6)
  A wyvern skeleton (D:7)
  5 wights (D:6)
  2 crimson imps
  2 hounds (D:5)
  A bullfrog skeleton (D:5)
  3 orc wizards
  3 orc priests (D:7)
  A centaur skeleton (D:7)
  An iron imp (D:6)
  2 iguanas (D:5)
  A killer bee zombie (D:6)
  3 worker ants
  A hound zombie (D:7)
  3 gnolls
  12 adders
  2 oozes (D:3)
  A worm (D:2)
  2 dart slugs
  4 leopard geckos
  15 orcs
  2 ball pythons
  2 giant cockroaches (D:1)
  6 goblins
  6 hobgoblins
  20 jackals
  A quokka (D:2)
  11 bats
  6 frilled lizards
  8 kobolds
  A leopard gecko zombie (D:6)
  7 rats
153 creatures vanquished.

Notes
Turn   | Place    | Note
-------+----------+-------------------------------------------
     0 | D:1      | Leibowitz the Demigod Gladiator began the quest for the Orb.
     0 | D:1      | Reached XP level 1. HP: 17/17 MP: 3/3
   121 | D:1      | Reached XP level 2. HP: 8/24 MP: 4/4
   570 | D:1      | Reached skill level 1 in Stealth
   686 | D:1      | Reached XP level 3. HP: 22/29 MP: 5/5
  1548 | D:2      | Noticed a dagger
  1548 | D:2      | Noticed a dagger
  1551 | D:2      | Found a hide-covered altar of Uskayaw.
  1565 | D:2      | Reached XP level 4. HP: 36/36 MP: 6/6
  2251 | D:4      | Noticed drd's ghost (amateur HESk)
  2262 | D:4      | Found a staircase to the Ecumenical Temple.
  2321 | D:4      | Reached XP level 5. HP: 22/42 MP: 7/7
  2484 | D:4      | Found a glowing drain.
  2515 | Sewer    | Entered a sewer
  2546 | Sewer    | Noticed Purgy
  2590 | Sewer    | Killed Purgy
  2756 | D:4      | Reached skill level 1 in Armour
  2809 | D:5      | Entered Level 5 of the Dungeon
  2809 | D:5      | Noticed a centaur
  2809 | D:5      | Noticed an ice beast
  3133 | D:4      | Reached XP level 6. HP: 43/50 MP: 6/8
  3761 | D:5      | Found a stormy altar of Qazlal.
  3801 | D:5      | Reached XP level 7. HP: 42/57 MP: 6/9
  3866 | D:5      | Reached skill level 5 in Short Blades
  3868 | D:5      | Reached skill level 5 in Dodging
  4730 | D:6      | Found a snail-covered altar of Cheibriados.
  4948 | D:6      | Found a shattered altar of Ashenzari.
  4972 | D:6      | Reached XP level 8. HP: 60/66 MP: 7/10
  5735 | D:6      | Noticed Ezendos's ghost (novice DECj)
  6279 | D:7      | Noticed a hippogriff
  6317 | D:7      | Killed a hippogriff
  6317 | D:7      | Reached skill level 5 in Fighting
  6413 | D:7      | Noticed a hippogriff
  6423 | D:7      | Killed a hippogriff
  6423 | D:7      | Reached XP level 9. HP: 24/74 MP: 6/11
  6517 | D:7      | Found a radiant altar of Vehumet.
  6803 | D:7      | Noticed Pikel
  7203 | D:7      | Slain by an orc warrior

Vault maps used:
D:1:      co_arrival_random_square_maze
D:2:      dancing_weapons_uskayaw, first_bread, serial_bayou_pond_a
D:4:      lightli_sewer_entry_pipes
D:5:      wad_lake_hut, basic_altar, kennysheep_generic_room_12
D:6:      slow_altar_1, evilmike_ruin_ashenzari
D:7:      minmay_cornered_nines, grunt_temple_overflow_open, uniq_pikel
Sewer:    sewer_big_baddie

Skill      XL: |  1  2  3  4  5  6  7  8 |
---------------+-------------------------+-----
Dodging        | 3 4 5 6 |  6.5
Fighting       | 2 3 5 |  5.3
Stealth        | 1 2 3 4 |  4.8
Short Blades   | 3 4 5 6 |  6.7
Armour         | 1 2 3 |  3.3
Throwing       | 2 |  2.2

Action                   |  1- 3 |  4- 6 |  7- 9 || total
-------------------------+-------+-------+-------++-------
Melee: Rapier            |   119 |   193 |   254 ||   566
       Dagger            |       |       |   207 ||   207
Throw: Throwing net      |       |     2 |     3 ||     5
  Use: Potion            |       |     2 |    13 ||    15
       Scroll            |       |       |    11 ||    11
 Stab: Sleeping          |     5 |     8 |     3 ||    16
       Held in net/web   |       |     1 |     2 ||     3
       Distracted        |       |       |     2 ||     2
  Eat: Chunk             |     2 |     8 |     9 ||    19
Armor: Leather armour    |    23 |    63 |    95 ||   181
       Skin              |       |       |     6 ||     6
Dodge: Dodged            |   101 |   178 |   501 ||   780
